 Dungeon Crawl Stone Soup version 0.26-a0-1013-gf6ffb0d6bd (webtiles) character file.

Game seed: 16380339299422907106

167092 sokol815 the Fighter (level 17, -8/154 HPs)
             Began as a Demonspawn Fighter on Dec 7, 2020.
             Was the Champion of Wu Jian.
             Mangled by a bunyip (28 damage)
             ... on level 4 of the Swamp on Dec 8, 2020.
             The game lasted 02:19:41 (33910 turns).

sokol815 the Fighter (Demonspawn Fighter)          Turns: 33910, Time: 02:19:42

Health: -8/154     AC: 17    Str: 24    XL:     17   Next: 31%
Magic:  17/17      EV: 23    Int: 16    God:    Wu Jian [******]
Gold:   205        SH: 17    Dex: 29    Spells: 16/16 levels left

rFire    + . .     SeeInvis .   a - +11 mace of the Grey Skies {vamp, rN+ WL+ Str+2}
rCold    + . .     Faith    .   n - +4 kite shield "Caloptor" {rF+ rCorr}
rNeg     + + .     Spirit   .   L - +0 swamp dragon scales
rPois    +         Reflect  .   s - +1 helmet
rElec    +         Harm     .   (no cloak)
rCorr    +         Rampage  .   E - +2 pair of gloves {Dex+3}
Will     ++...     Clarity  +   (boots unavailable)
Stlth    +++.......             R - amulet of regeneration
HPRegen  0.00/turn              f - ring of Freedom {rElec Int+6 Dex+2}
MPRegen  0.15/turn              j - ring "Latotsul" {Str+4 Slay+4}

@: lethally poisoned (-8 -> -10), very slow
A: hooves 3, thin skeletal structure 3, clarity, cold resistance 1, negative
energy resistance 1, robust 1, inhibited regeneration, spiny 3
a: Wall Jump, Serpent's Lash, Heavenly Storm, Renounce Religion


You were on level 4 of the Swamp.
You worshipped Wu Jian.
Wu Jian was exalted by your worship.
You visited 5 branches of the dungeon, and saw 28 of its levels.
You also visited: Bailey and Volcano.

You collected 3414 gold pieces.
You spent 3209 gold pieces at shops.

Inventory:

Hand Weapons
 a - the +11 mace of the Grey Skies (weapon) {vamp, rN+ WL+ Str+2}
   (You found it on level 6 of the Dungeon)

   It inflicts no extra harm, but heals its wielder when it wounds a living foe.
   It affects your strength (+2).
   It protects you from negative energy.
   It affects your willpower, your defense against some magical effects.
 y - a +0 broad axe of draining
 K - a +2 whip of electrocution
Missiles
 v - 87 poisoned darts
 B - 53 boomerangs
 G - 29 javelins (quivered)
 H - 2 throwing nets
 Q - 15 curare-tipped darts
Armour
 k - a +3 buckler of reflection
 n - the +4 kite shield "Caloptor" (worn) {rF+ rCorr}
   (You took it off Donald on level 2 of the Swamp)

   It protects you from fire.
   It provides partial protection from all sources of acid and corrosion.
 s - a +1 helmet (worn)
 A - a scarf of invisibility
 C - a +2 plate armour of fire resistance
 E - a +2 pair of gloves of dexterity (worn)
 L - +0 swamp dragon scales (worn)
Jewellery
 f - the ring of Freedom (left hand) {rElec Int+6 Dex+2}
   (You found it on level 6 of the Lair of Beasts)

   [ring of intelligence]

   It affects your intelligence (+6).
   It affects your dexterity (+2).
   It insulates you from electricity.
 j - the ring "Latotsul" (right hand) {Str+4 Slay+4}
   (You acquired it on level 3 of the Swamp)

   [ring of slaying]

   It affects your strength (+4).
   It affects your accuracy and damage with ranged weapons and melee attacks
   (+4).
 J - an uncursed ring of willpower
 R - an amulet of regeneration (around neck)
 S - an uncursed ring of protection from fire
 Z - an uncursed amulet of the acrobat
Wands
 q - a wand of flame (8)
 D - a wand of digging (9)
 O - a wand of paralysis (16)
 V - a wand of acid (26)
 X - a wand of disintegration (29)
Scrolls
 c - 5 scrolls of magic mapping
 g - 2 scrolls of blinking
 h - 4 scrolls of enchant weapon
 o - 3 scrolls of enchant armour
 p - a scroll of immolation
 t - 10 scrolls of teleportation
 w - 13 scrolls of remove curse
 z - 2 scrolls of identify
 I - 3 scrolls of vulnerability
 M - a scroll of fog
 N - a scroll of summoning
 W - a scroll of silence
Potions
 b - 3 potions of lignification
 d - 2 potions of might
 e - a potion of resistance
 i - a potion of magic
 l - 16 potions of ambrosia
 m - 3 potions of berserk rage
 r - 15 potions of curing
 u - 3 potions of haste
 x - 3 potions of attraction
 F - 5 potions of flight
 P - 3 potions of cancellation
 T - 2 potions of invisibility
 U - 2 potions of heal wounds
Miscellaneous
 Y - a phantom mirror


   Skills:
 * Level 14.3 Fighting
 - Level 7.0(11.2) Axes
 - Level 13.3(14.0) Maces & Flails
 * Level 11.0 Throwing
 + Level 12.3 Armour
 + Level 12.0 Dodging
 + Level 7.2 Shields
 - Level 5.0 Evocations


You had 16 spell levels left.
You didn't know any spells.
Your spell library contained the following spells:

 Spells                   Type           Power        Failure   Level
 Animate Skeleton         Necr           #.....       67%         1
 Apportation              Tloc           #.....       67%         1
 Corona                   Hex            #......      67%         1
 Magic Dart               Conj           #...         67%         1
 Pain                     Necr           #...         67%         1
 Sandblast                Erth           #.....       67%         1
 Summon Small Mammal      Summ           #...         67%         1
 Blink                    Tloc           N/A          82%         2
 Call Imp                 Summ           #.......     82%         2
 Passwall                 Tmut/Erth      #.......     82%         2
 Slow                     Hex            #.......     82%         2
 Conjure Flame            Conj/Fire      #.......     96%         3
 Mephitic Cloud           Conj/Pois/Air  #.......     96%         3
 Stone Arrow              Conj/Erth      #.....       96%         3
 Vampiric Draining        Necr           #.........   96%         3
 Animate Dead             Necr           #.........   100%        4
 Cause Fear               Hex            #.........   100%        4
 Petrify                  Tmut/Erth      #.......     100%        4
 Agony                    Necr           #.......     100%        5
 Lee's Rapid Deconstruct  Erth           #.........   100%        5
 Silence                  Hex/Air        #.........   100%        5
 Summon Demon             Summ           #.........   100%        5
 Summon Forest            Summ/Tloc      #.........   100%        5
 Summon Mana Viper        Hex/Summ       #.......     100%        5
 Yara's Violent Unravell  Hex/Tmut       #.........   100%        5
 Shadow Creatures         Summ           N/A          100%        6
 Summon Hydra             Summ           #.........   100%        7
 Discord                  Hex            #.........   100%        8


Dungeon Overview and Level Annotations

Branches:
Dungeon (15/15)            Temple (1/1) D:6            Lair (6/6) D:11
  Swamp (4/4) Lair:3       Spider (0/4) Lair:2        Slime (0/5) Lair:5
    Orc (2/2) D:10            Elf (0/3) Orc:2        Vaults (0/5) D:13
 Depths (0/5) D:15         Bailey (visited)         Volcano (visited)

Altars:
Ashenzari
Cheibriados
Dithmenos
Elyvilon
Fedhas
Gozag
Hepliaklqana
Kikubaaqudgha
Makhleb
Nemelex Xobeh
Okawaru
Qazlal
Ru
Sif Muna
Trog
Uskayaw
Vehumet
Wu Jian
Xom
Yredelemnul
Zin
The Shining One
Beogh

Shops:
D:9 !   D:11 (   Orc:1 =**[?   Orc:2 :*[(

Portals:
Trove: D:14 (give +4 demon trident)

Annotations:
D:14 Roxanne
Lair:3 3 runed translucent doors, Befuwnopp's ghost, journeyman TrHu; Deed's ghost, journeyman MiFi; Foabaekk's ghost, journeyman GrMo; Luuwnalu's ghost, journeyman KoHu; Ruicvywi's ghost, journeyman OgTm
Lair:5 2 transporters, Qeimiotua's ghost, journeyman MiFi
Swamp:1 1 runed translucent door


Innate Abilities, Weirdness & Mutations

You have hooves in place of feet.
You have an unnaturally thin skeletal structure. (Dex +6, Stealth++)
Your flesh is cold resistant. (rC+)
You resist negative energy. (rN+)
You are completely covered in sharp spines.
You possess an exceptional clarity of mind.
You are robust. (+10% HP)
You do not regenerate when monsters are visible.


Message History

Your unstable footing causes you to fumble your attack.
Your unstable footing causes you to fumble your attack.
You hit the bunyip but do no damage. You kick the bunyip!
The bunyip is severely wounded.
The swamp drake breathes poison at you.
The noxious blast engulfs you but does no damage.
You are poisoned.
You resist. The bunyip claws you!! x2
* * * LOW HITPOINT WARNING * * *
You block the bunyip's attack.
Your unstable footing causes you to fumble your attack.
You feel sick.
A swamp drake comes into view.
Your unstable footing causes you to fumble your attack.
You bludgeon the bunyip!! You kick the bunyip.
The bunyip is almost dead.
Your unstable footing causes you to fumble your attack.
You block the bunyip's attack. The bunyip completely misses you.
The bunyip claws you!!
You die...

♣♣♣♣♣ ♣..♣♣ ♣♣♣≈...♣♣ ..≈..♣
♣♣♣!.≈≈≈≈.♣♣ #≈§≈.♣
.≈≈≈≈≈≈≈≈≈≈≈.≈♣ #≈≈≈.♣
.........≈≈≈≈.♣#####.≈≈. ≈
≈..≈≈≈)≈.≈≈§≈≈...§≈≈≈≈♣♣♣♣ ≈≈
≈≈≈≈≈≈..(≈≈≈≈≈≈.≈≈≈≈§.≈≈≈♣≈≈≈
♣§≈≈≈.≈♣≈§≈≈@≈≈..≈)≈..≈..≈≈≈
♣.....≈♣.)†≈x≈≈..†..≈.≈.≈♣
≈≈.......[k..≈≈≈≈≈.<...♣♣♣
≈≈≈..≈§[..♣.♣≈≈≈≈≈≈.≈.≈♣
≈≈≈.≈≈≈k≈.♣♣♣≈≈≈≈≈≈≈♣..♣
.≈≈≈..≈≈≈.♣ ♣♣≈≈≈....♣♣♣
.≈≈≈..≈≈.♣♣ ♣♣.....≈≈≈♣
≈≈≈≈.≈≈.♣♣ ♣§≈.♣♣...♣♣
≈≈≈..≈≈.. ♣...≈.≈♣♣≈.♣♣♣


You could see a bunyip and 2 swamp drakes.

Vanquished Creatures
  Bai Suzhen (Swamp:3)
  A tentacled monstrosity (Swamp:2)
  Rupert (D:13)
  Donald (Swamp:2)
  A fire giant (D:15)
  Aizul (Swamp:3)
  An orc warlord (Orc:1)
  4 bunyips
  A dire elephant (Lair:6)
  7 eleionomae
  Josephine (D:14)
  A fire dragon (D:14)
  20 hydras
  Fannar (Lair:3)
  A shambling mangrove (Swamp:2)
  2 boulder beetles
  Erolcha (D:10)
  Harold (Orc:1)
  3 catoblepae
  4 ghost crabs
  3 centaur warriors
  A queen ant (Lair:3)
  6 alligators
  5 two-headed ogres
  Urug (D:12)
  13 death yaks
  3 tengu warriors (D:15)
  5 orc high priests
  A deep elf knight (D:13)
  2 skeletal warriors (D:14)
  6 goliath frogs
  2 unseen horrors
  2 spriggan druids (Swamp:4)
  7 swamp dragons
  Pikel (D:7)
  7 bog bodies
  A lindwurm (Lair:6)
  A wolf spider zombie (D:14)
  4 orc knights
  A cyclops (D:13)
  2 deep elf magi (D:13)
  4 orc sorcerers
  10 ugly things
  4 manticores
  7 slime creatures
  4 elephants (Lair:5)
  3 centaur zombies
  Maurice (D:9)
  5 black mambas
  2 gargoyles (D:14)
  3 centaur skeletons
  14 cane toads
  2 kobold demonologists
  Maggie (D:6)
  17 rime drakes
  12 komodo dragons
  2 tengu conjurers
  8 trolls
  6 meliai
  8 hornets
  A queen bee (D:15)
  5 tyrant leeches
  20 blink frogs
  4 dream sheep (Lair:6)
  18 flying skulls (D:14)
  15 spriggans
  A shadow (D:13)
  9 wraiths
  47 yaks
  A vampire (D:13)
  9 wyverns
  4 basilisks
  A fire bat (Volcano)
  11 steam dragons
  Menkaure (D:7)
  5 vampire mosquitoes
  11 swamp worms
  10 soldier ants (Lair:3)
  4 wargs
  3 acid dragons
  14 water moccasins
  3 hell hounds (Volcano)
  A meliai simulacrum (D:14)
  2 black bears
  9 ice beasts
  40 orc warriors
  4 swamp drakes
  A hornet zombie (D:15)
  7 necrophages
  5 phantoms
  3 sky beasts
  3 boggarts (Lair:5)
  18 ogres
  14 wolves
  10 centaurs
  A lemure (D:7)
  9 big kobolds
  14 bullfrogs
  2 wyvern zombies
  A wyvern skeleton (D:8)
  A hornet simulacrum (D:15)
  6 scorpions
  13 wights
  23 killer bees (D:15)
  3 electric eels
  A howler monkey (D:11)
  7 hounds
  3 human zombies (D:8)
  3 bullfrog zombies
  A bullfrog skeleton (D:6)
  24 orc priests
  5 jellies
  47 orc wizards
  A gnoll shaman (D:6)
  Terence (D:2)
  7 hell rats (Lair:5)
  3 iguanas
  25 worker ants
  A human skeleton (D:8)
  A killer bee zombie (D:10)
  2 hound zombies
  2 hound skeletons
  2 mummies
  A worker ant zombie (D:9)
  A howler monkey skeleton (D:5)
  A howler monkey zombie (D:5)
  17 gnolls
  14 adders
  3 shadow imps
  A white imp (D:5)
  3 ufetubi
  An ooze (D:2)
  An adder skeleton (D:6)
  4 worms
  A dart slug (D:3)
  2 leopard geckos
  137 orcs
  4 giant cockroaches
  25 goblins
  18 hobgoblins
  10 jackals
  7 quokkas
  2 ball pythons
  5 bats
  5 frilled lizards (D:2)
  38 kobolds
  A leopard gecko skeleton (D:7)
  A quokka skeleton (D:9)
  2 quokka zombies
  3 rats
1072 creatures vanquished.

Vanquished Creatures (others)
  A hydra (Swamp:3)
  2 two-headed ogres (Volcano)
  2 bloated husks
  22 fungi
  33 plants
  4 withered plants (D:10)
64 creatures vanquished.

Grand Total: 1136 creatures vanquished

Notes
Turn   | Place    | Note
-------+----------+-------------------------------------------
     0 | D:1      | sokol815 the Demonspawn Fighter began the quest for the
                  | Orb.
     0 | D:1      | Reached XP level 1. HP: 18/18 MP: 1/1
   782 | D:2      | Noticed a hound
   788 | D:2      | Killed a hound
   789 | D:2      | Gained mutation: You have a somewhat thin skeletal
                  | structure. (Dex +2, Stealth) [demonic ancestry]
   789 | D:2      | Reached XP level 2. HP: 14/24 MP: 2/2
   789 | D:2      | Reached XP level 3. HP: 17/29 MP: 3/3
  1560 | D:2      | Noticed Terence
  1577 | D:2      | Killed Terence
  1578 | D:2      | Reached XP level 4. HP: 29/37 MP: 4/4
  2140 | D:3      | Reached skill level 4 in Fighting
  2273 | D:3      | Gained mutation: You are partially covered in sharp spines.
                  | [demonic ancestry]
  2273 | D:3      | Reached XP level 5. HP: 29/42 MP: 5/5
  3009 | D:4      | Found an ornate altar of the Wu Jian Council.
  3281 | D:4      | Found a burning altar of Makhleb.
  3335 | D:4      | Gained mutation: You have large cloven feet. [demonic
                  | ancestry]
  3335 | D:4      | Reached XP level 6. HP: 45/49 MP: 6/6
  3503 | D:4      | Found a hide-covered altar of Uskayaw.
  3539 | D:4      | Reached skill level 5 in Axes
  3586 | D:4      | Reached skill level 1 in Throwing
  3669 | D:4      | Found a sparkling altar of Nemelex Xobeh.
  3754 | D:5      | Entered Level 5 of the Dungeon
  3919 | D:5      | Reached skill level 5 in Fighting
  3984 | D:5      | Gained mutation: You are mostly covered in sharp spines.
                  | [demonic ancestry]
  3984 | D:5      | Reached XP level 7. HP: 44/56 MP: 7/7
  4576 | D:5      | Gained mutation: You have hoof-like feet. [demonic
                  | ancestry]
  4576 | D:5      | Reached XP level 8. HP: 64/64 MP: 8/8
  4667 | D:5      | Found a sparkling altar of Nemelex Xobeh.
  4729 | D:5      | Reached skill level 6 in Fighting
  4782 | D:5      | Found a blossoming altar of Fedhas.
  4903 | D:5      | Found a glowing golden altar of the Shining One.
  5126 | D:6      | Found a bloodstained altar of Trog.
  5158 | D:6      | Found a staircase to the Ecumenical Temple.
  5172 | D:6      | Got a faintly glowing mace
  5177 | D:6      | Identified the +11 mace of the Grey Skies {vamp, rN+ WL+
                  | Str+2} (You found it on level 6 of the Dungeon)
  5181 | Temple   | Entered the Ecumenical Temple
  5371 | D:4      | Became a worshipper of the Wu Jian Council
  5424 | D:6      | Reached skill level 1 in Maces & Flails
  5655 | D:6      | Noticed Maggie
  5663 | D:6      | Killed Maggie
  5818 | D:6      | Found a stormy altar of Qazlal.
  5830 | D:6      | Reached * piety under Wu Jian
  6018 | D:6      | Found a shimmering altar of Xom.
  6466 | D:7      | Reached XP level 9. HP: 62/71 MP: 9/9
  6575 | D:7      | Found an opulent altar of Gozag.
  6587 | D:7      | Reached skill level 7 in Fighting
  6694 | D:7      | Noticed Menkaure
  6698 | D:7      | Killed Menkaure
  6738 | D:7      | Found a flagged portal.
  6748 | D:7      | Reached ** piety under Wu Jian
  6797 | Bailey   | Entered a bailey
  6906 | Bailey   | Reached skill level 5 in Maces & Flails
  6923 | Bailey   | Noticed an orc warlord
  7421 | D:7      | Reached skill level 5 in Throwing
  7750 | D:7      | Reached *** piety under Wu Jian
  7758 | D:7      | Reached skill level 8 in Fighting
  8065 | D:7      | Noticed Pikel
  8079 | D:7      | Killed Pikel
  8080 | D:7      | Gained mutation: You have a moderately thin skeletal
                  | structure. (Dex +4, Stealth+) [demonic ancestry]
  8080 | D:7      | Reached XP level 10. HP: 74/81 MP: 10/10
  8357 | D:8      | Reached skill level 9 in Fighting
  8428 | D:8      | Found a sacrificial altar of Ru.
  8528 | D:8      | Found a hazy altar of Hepliaklqana.
  8529 | D:8      | Found a shadowy altar of Dithmenos.
  8634 | D:8      | Reached **** piety under Wu Jian
  8776 | D:8      | Found an ancient bone altar of Kikubaaqudgha.
  9157 | D:9      | Gained mutation: You do not regenerate when monsters are
                  | visible. [potion of mutation]
  9157 | D:9      | Gained mutation: You possess an exceptional clarity of
                  | mind. [potion of mutation]
  9157 | D:9      | Gained mutation: You are robust. (+10% HP) [potion of
                  | mutation]
  9403 | D:9      | Noticed Maurice
  9416 | D:9      | Killed Maurice
  9417 | D:9      | Gained mutation: Your flesh is cold resistant. (rC+)
                  | [demonic ancestry]
  9417 | D:9      | Reached XP level 11. HP: 88/99 MP: 11/11
  9501 | D:9      | Reached skill level 10 in Maces & Flails
  9615 | D:9      | Found Enwetzish's Distillery.
  9668 | D:9      | Reached ***** piety under Wu Jian
  9787 | D:9      | Reached skill level 10 in Fighting
  9798 | D:9      | Reached skill level 1 in Dodging
  9935 | D:9      | Found a shimmering blue altar of Sif Muna.
 10344 | D:9      | Bought a potion of heal wounds for 65 gold pieces
 10353 | D:10     | Entered Level 10 of the Dungeon
 10552 | D:10     | Found a staircase to the Orcish Mines.
 10582 | D:10     | Noticed Erolcha
 10584 | D:10     | Noticed a two-headed ogre
 10985 | D:10     | Killed a two-headed ogre
 11463 | D:10     | Killed Erolcha
 11664 | D:11     | Found Liosk's Weapon Shoppe.
 11697 | D:11     | Noticed a death yak
 11697 | D:11     | Noticed a death yak
 11745 | D:10     | Killed a death yak
 11871 | D:10     | Killed a death yak
 12001 | D:11     | Noticed a death yak
 12003 | D:11     | Noticed a death yak
 12004 | D:11     | Noticed a death yak
 12012 | D:11     | Killed a death yak
 12021 | D:11     | Killed a death yak
 12022 | D:11     | Reached skill level 5 in Armour
 12156 | D:11     | Gained mutation: You resist negative energy. (rN+) [demonic
                  | ancestry]
 12156 | D:11     | Reached XP level 12. HP: 93/106 MP: 12/12
 12162 | D:11     | Killed a death yak
 12213 | D:11     | Found a staircase to the Lair.
 12593 | Lair:1   | Entered Level 1 of the Lair of Beasts
 12957 | Lair:1   | Noticed a five-headed hydra
 13082 | Lair:2   | Reached ****** piety under Wu Jian
 13296 | Lair:2   | Found a shadowy altar of Dithmenos.
 13305 | Lair:2   | Reached skill level 5 in Dodging
 13326 | Lair:2   | Noticed a catoblepas
 13338 | Lair:2   | Killed a catoblepas
 13684 | Lair:2   | Found a hole to the Spider Nest.
 13710 | Lair:2   | Found a dark tunnel.
 13738 | Volcano  | Entered a volcano
 13777 | Volcano  | Noticed a two-headed ogre
 13777 | Volcano  | Noticed a two-headed ogre
 13779 | Volcano  | Noticed a two-headed ogre
 13787 | Volcano  | Killed a two-headed ogre
 13800 | Volcano  | Killed a two-headed ogre
 13803 | Volcano  | Killed a two-headed ogre
 14007 | Volcano  | Noticed a two-headed ogre
 14007 | Volcano  | Noticed a two-headed ogre
 14016 | Volcano  | Killed a two-headed ogre
 14018 | Volcano  | Killed a two-headed ogre
 14708 | Lair:2   | Gained mutation: You have an unnaturally thin skeletal
                  | structure. (Dex +6, Stealth++) [demonic ancestry]
 14708 | Lair:2   | Reached XP level 13. HP: 96/113 MP: 13/13
 16089 | Lair:3   | Noticed Fannar
 16106 | Lair:3   | Killed Fannar
 16629 | Lair:3   | Found a runed translucent gate.
 16629 | Lair:3   | Found a runed translucent gate.
 16629 | Lair:3   | Found a runed translucent gate.
 16631 | Lair:3   | Noticed Deed's ghost (journeyman MiFi)
 16632 | Lair:3   | Noticed Luuwnalu's ghost (journeyman KoHu)
 16632 | Lair:3   | Noticed Foabaekk's ghost (journeyman GrMo)
 16632 | Lair:3   | Noticed Befuwnopp's ghost (journeyman TrHu)
 16633 | Lair:3   | Noticed Ruicvywi's ghost (journeyman OgTm)
 16985 | Lair:3   | Found a staircase to the Swamp.
 19116 | Lair:5   | Reached XP level 14. HP: 122/122 MP: 14/14
 19155 | Lair:5   | Found a staircase to the Slime Pits.
 19311 | Lair:5   | Reached skill level 5 in Shields
 19452 | Lair:5   | Paralysed by a hornet for 1 turns
 20023 | Lair:5   | Found a transporter.
 20026 | Lair:5   | Noticed Qeimiotua's ghost (journeyman MiFi)
 20046 | Lair:5   | Found a transporter.
 20151 | Lair:5   | Got a warped lajatang
 20244 | Lair:5   | Identified the +0 lajatang "Xadapp" {vorpal, *Noise rElec
                  | Stlth+} (You found it on level 5 of the Lair of Beasts)
 20329 | Lair:6   | Entered Level 6 of the Lair of Beasts
 20973 | Lair:6   | Reached skill level 11 in Fighting
 21006 | Lair:6   | Reached skill level 1 in Evocations
 21958 | Lair:6   | Got a slimy lapis lazuli ring
 21965 | Lair:6   | Identified the ring of Freedom {rElec Int+6 Dex+2} (You
                  | found it on level 6 of the Lair of Beasts)
 22169 | D:12     | Noticed Urug
 22181 | D:12     | Killed Urug
 22577 | D:12     | Reached XP level 15. HP: 108/130 MP: 15/15
 23262 | D:13     | Reached skill level 10 in Throwing
 23565 | D:13     | Found a gate to the Vaults.
 23715 | D:13     | Found a roughly hewn altar of Beogh.
 23847 | D:13     | Noticed Rupert
 24620 | D:13     | Killed Rupert
 25016 | D:13     | Reached skill level 10 in Armour
 25646 | D:14     | Noticed Josephine
 25676 | D:14     | Killed Josephine
 25801 | D:14     | Found a glowing silver altar of Zin.
 25945 | D:14     | Reached skill level 5 in Evocations
 26001 | D:14     | Identified Roxanne's Volume of Clay
 26001 | D:14     | Noticed Roxanne
 26185 | D:14     | Reached skill level 12 in Fighting
 26185 | D:14     | Reached skill level 10 in Dodging
 26306 | D:14     | Found the +3 giant club "Skullcrusher" {speed, Str+7}
 26454 | D:14     | Found a portal to a secret trove of treasure.
 26640 | D:15     | Entered Level 15 of the Dungeon
 27047 | D:15     | Noticed a fire giant
 27056 | D:15     | Killed a fire giant
 27199 | D:15     | Found a staircase to the Depths.
 27346 | D:15     | Gained mutation: You have hooves in place of feet. [demonic
                  | ancestry]
 27346 | D:15     | Reached XP level 16. HP: 141/141 MP: 16/16
 28440 | Orc:1    | Entered Level 1 of the Orcish Mines
 28440 | Orc:1    | Noticed Harold
 28449 | Orc:1    | Killed Harold
 28498 | Orc:1    | Found Epnuuky's Assorted Antiques.
 28505 | Orc:1    | Found Tesm's Assorted Antiques.
 28506 | Orc:1    | Bought a pair of spiked gloves for 313 gold pieces
 28506 | Orc:1    | Bought a scroll of identify for 66 gold pieces
 28506 | Orc:1    | Identified the +4 pair of gloves of the Dungeon {Harm} (You
                  | bought it in a shop on level 1 of the Orcish Mines)
 28525 | Orc:1    | Found Usovvuc's Jewellery Boutique.
 28555 | Orc:1    | Bought an uncursed amulet of regeneration for 510 gold
                  | pieces
 28968 | Orc:1    | Found a roughly hewn altar of Beogh.
 29059 | Orc:2    | Entered Level 2 of the Orcish Mines
 29073 | Orc:1    | Found Uroofeuso's Armour Shop.
 29104 | Orc:1    | Found Maow's Magic Scroll Emporium.
 29119 | Orc:1    | Bought a scroll of immolation for 45 gold pieces
 29255 | Orc:2    | Found a staircase to the Elven Halls.
 29688 | Orc:2    | Reached skill level 13 in Fighting
 29969 | Orc:2    | Found Petyjuff's General Store.
 29973 | Orc:2    | Found Tagrihuco's Book Shop.
 29974 | Orc:2    | Found Bayth's Antique Armour Boutique.
 29974 | Orc:2    | Found Olutirat's Antique Weapon Boutique.
 30242 | Swamp:1  | Entered Level 1 of the Swamp
 30536 | Swamp:1  | Got an ancient platinum ring
 30537 | Swamp:1  | Identified the ring of the Orange Skies {Dex+6 Stlth+} (You
                  | found it on level 1 of the Swamp)
 30786 | Swamp:1  | Found a runed translucent door.
 31056 | Orc:2    | Bought a spiked crystal plate armour for 2210 gold pieces
 31056 | Orc:2    | Identified the +1 crystal plate armour of Negligence {Harm
                  | WL+ Str+3} (You bought it in a shop on level 2 of the
                  | Orcish Mines)
 31421 | Swamp:2  | Identified the +4 kite shield "Caloptor" {rF+ rCorr}
 31421 | Swamp:2  | Noticed Donald
 31615 | Swamp:2  | Killed Donald
 32244 | Swamp:3  | Noticed a tentacled monstrosity
 32472 | Swamp:3  | Noticed Bai Suzhen
 32585 | Swamp:2  | Killed a tentacled monstrosity
 32922 | Swamp:3  | Identified a scroll of acquirement
 32923 | Swamp:3  | Acquired the ring "Latotsul" {Str+4 Slay+4}
 32997 | Swamp:3  | Killed Bai Suzhen
 32998 | Swamp:3  | Reached skill level 14 in Fighting
 32998 | Swamp:3  | Gained mutation: You are completely covered in sharp
                  | spines. [demonic ancestry]
 32998 | Swamp:3  | Reached XP level 17. HP: 152/152 MP: 17/17
 33490 | Swamp:4  | Entered Level 4 of the Swamp
 33611 | Swamp:4  | Noticed Aizul
 33635 | Swamp:3  | Killed Aizul
 33910 | Swamp:4  | Mangled by a bunyip

Illustrated notes

Levels and vault maps discovered:
D:1:      dpeg_arrival_shrine, layout_basic
D:2:      layout_basic, uniq_terence
D:3:      layout_basic, minmay_misc_feat_chi
D:4:      layout_basic, lemuel_round_altar, kennysheep_little_box,
          bloody_makhleb, grunt_ministairs_12, nemelex_diamond_rough_becter
D:5:      layout_basic, lemuel_doored_altar, nemelex_altar_shiori,
          marbit_many_paths
D:6:      layout_basic, bloody_trog, nicolae_qazlal_general_emergency,
          minmay_temple_entry_junction, xom_teletrap_fun, uniq_maggie
D:7:      layout_gridville, general_overflow_altar, serial_rivers,
          chequers_serial_rivers_marsh, chequers_serial_rivers_small_a,
          chequers_serial_rivers_small_a, chequers_serial_rivers_room_a,
          chequers_serial_rivers_small_3, enter_bailey_4,
          kennysheep_big_empty_room, minmay_a_box_with_orc_wizards_in_it,
          uniq_menkaure, uniq_pikel
D:8:      layout_gridville, riverfiend_overflow_shadow_ancestor,
          nicolae_ru_awakened_eye, lemuel_mausoleum_altar_kikubaaqudgha
D:9:      corexii_shack_village, layout_loops_ring, lemuel_blue_sif_altar,
          serial_shops, kennysheep_mini, dk_noncrumbling_2, uniq_maurice
D:10:     layout_basic, erik_orc_4, serial_undead, serial_undead_e,
          serial_undead_a, serial_undead_d, serial_undead_c, serial_undead_a,
          serial_undead_b, serial_undead_f, uniq_erolcha
D:11:     layout_cave_pools, dpeg_lair_monsters, serial_shops,
          nicolae_shop_crystal, serial_park, serial_park_avenue1
D:12:     argonaut_augean_stables, layout_basic, uniq_urug
D:13:     layout_basic, hangedman_vaults_entry_quadrant_bands, special_room
          [special_room_orc], uniq_rupert
D:14:     layout_roguey, basic_altar, nicolae_trove_entry_diagonal,
          serial_bayou_pond_d, minmay_guarded_unrand_skullcrusher, uniq_roxanne,
          uniq_josephine
D:15:     grunt_enter_depths_giant_problem, layout_basic,
          minmay_misc_feat_nine_boxes, special_room [special_room_bee],
          lemuel_another_geyser
Temple:   nicolae_temple_figure_zero
Lair:1:   layout_loops_ring, grunt_forest_small_clearings, serial_bayou_crossing
Lair:2:   layout_cave_shapes, spider_nest_entry_web_field, basic_altar,
          nicolae_volcano_entry_hallway, minmay_holes, bobbens_dragon_lair_wall
Lair:3:   layout_chaotic_city, nicolae_swamp_entry_splash_gauntlet,
          gammafunk_ghost_cemetery, serial_bayou_pond_d, zaba_antful_of_joy,
          uniq_fannar
Lair:4:   layout_small_grid, serial_bayou_pond_e, serial_bayou_shore_b
Lair:5:   kb_forest_paths, layout_concentric_octagons, slime_dummy,
          gammafunk_ghost_berserking_beasts, gauntlet_entry_generic,
          infiniplex_staircase_pool_2
Lair:6:   hangedman_lair_in_review, layout_regular_city,
          eino_small_chamber_without_monster, nicolae_quartered_pool_super
Swamp:1:  gammafunk_mikee_crab_dinner, layout_basic_swamp,
          infiniplex_staircase_pool
Swamp:2:  layout_basic_swamp, evilmike_swamp_ruin_house_4, swamp_pool5,
          uniq_donald
Swamp:3:  layout_basic_swamp, serial_swamp_ruin, evilmike_swamp_ruin_rubble_1,
          evilmike_swamp_ruin_house_1, hangedman_swamp_ruin_wall,
          uniq_bai_suzhen
Swamp:4:  swamp_old_school, layout_basic_swamp, ebering_ghost_inner_flame,
          uniq_aizul
Orc:1:    layout_caves, serial_shops, nicolae_shop_trees, nicolae_shop_trees,
          shop, shop_statue, shop, bh_open_orc_temple, uniq_harold
Orc:2:    st_orc_congregation, layout_diamond_mine

Skill      XL: |  1  2  3  4  5  6  7  8  9 10 11 12 13 14 15 16 17 |
---------------+----------------------------------------------------+-----
Axes           | 2 3 4 5 6 7 |  7.0
Fighting       | 4 5 6 8 9 10 11 12 14 | 14.3
Throwing       | 1 3 4 5 7 9 10 11 | 11.0
Maces & Flails | 3 7 9 11 13 | 13.3
Armour         | 5 7 8 9 11 12 | 12.3
Dodging        | 4 6 8 9 10 11 12 | 12.0
Shields        | 4 6 7 |  7.2
Evocations     | 2 5 |  5.0

Action                   |  1- 3 |  4- 6 |  7- 9 | 10-12 | 13-15 | 16-18 || total
-------------------------+-------+-------+-------+-------+-------+-------++-------
Melee: War axe           |    65 |     4 |       |       |       |       ||    69
       Hand axe          |       |   123 |    73 |       |       |       ||   196
       Mace              |       |       |   218 |   514 |  1395 |   769 ||  2896
       Kick              |       |       |    99 |   263 |   843 |   439 ||  1644
Throw: Dart              |       |       |       |     5 |     8 |    10 ||    23
       Javelin           |       |       |       |     6 |    29 |    20 ||    55
       Boomerang         |       |       |       |       |    11 |    12 ||    23
Invok: Lunge             |       |       |    27 |    39 |    72 |    50 ||   188
       Whirlwind         |       |       |     2 |     5 |     7 |    19 ||    33
       Heavenly Storm    |       |       |       |       |       |     1 ||     1
 Abil: Wall Jump         |       |       |     1 |       |       |       ||     1
Evoke: Wand              |       |       |     4 |     1 |     7 |     7 ||    19
  Use: Scroll            |       |     4 |    18 |     6 |    15 |     8 ||    51
       Potion            |       |       |     6 |     1 |     5 |     2 ||    14
 Stab: Sleeping          |     1 |     5 |       |     7 |    11 |     2 ||    26
       Petrified         |       |       |       |     6 |       |       ||     6
       Distracted        |       |       |       |       |     7 |     1 ||     8
       Confused          |       |       |       |       |       |     2 ||     2
Armor: Scale mail        |    33 |    43 |       |       |       |       ||    76
       Plate armour      |       |    12 |    82 |    94 |       |    30 ||   218
       Chain mail        |       |     4 |       |    30 |   265 |    13 ||   312
       Swamp dragon scal |       |       |       |     8 |     4 |    76 ||    88
Dodge: Dodged            |    19 |    24 |    22 |    91 |   431 |   359 ||   946
Block: Kite shield       |    30 |    61 |   137 |   183 |   257 |   225 ||   893
       Buckler           |       |       |       |       |   240 |   140 ||   380
       Reflection        |       |       |       |       |    15 |     5 ||    20

Table legend: (Time is in decaauts)
 A = Elapsed time spent in this place.
 B = Non-inter-level travel time spent in this place.
 C = Inter-level travel time spent in this place.
 D = Time resting spent in this place.
 E = Time spent auto-exploring this place.
 F = Levels seen in this place.
 G = Mean time per level.
                   A        B        C        D        E       F      G
               +--------+--------+--------+--------+--------+-----+--------+
         Total |  33719 |  31526 |   2193 |   7551 |  16440 |  30 | 1124.0 |
       Dungeon |  18629 |  17576 |   1053 |   4096 |   9828 |  15 | 1241.9 |
        Temple |    113 |    106 |      7 |      0 |    102 |   1 |  113.0 |
          Lair |   9080 |   8420 |    660 |   2353 |   3923 |   6 | 1513.3 |
         Swamp |   3240 |   2981 |    259 |    738 |   1479 |   4 |  810.0 |
  Orcish Mines |   1751 |   1539 |    212 |     41 |    976 |   2 |  875.5 |
        Bailey |    183 |    183 |      0 |      0 |     12 |   1 |  183.0 |
       Volcano |    721 |    721 |      0 |    322 |    119 |   1 |  721.0 |
               +--------+--------+--------+--------+--------+-----+--------+

Top non-repeatable levels by time:
    D:13: 1851 daAuts
  Lair:3: 1754 daAuts
  Lair:2: 1751 daAuts
  Lair:6: 1739 daAuts
     D:9: 1687 daAuts
     D:7: 1661 daAuts
    D:15: 1624 daAuts
     D:5: 1391 daAuts
  Lair:4: 1364 daAuts
    D:14: 1319 daAuts
    D:10: 1298 daAuts
  Lair:5: 1265 daAuts
     D:2: 1236 daAuts
    D:12: 1215 daAuts
  Lair:1: 1205 daAuts
